 Dungeon Crawl Stone Soup version 0.23-a0-644-gb60d84b (webtiles) character file.

504 Firecrotchwizard the Ruffian (level 7, -5/60 (61) HPs)
             Began as a Ghoul Monk on Jan 2, 2019.
             Slain by a gnoll
             ... wielding a +0 flail
              (7 damage)
             ... on level 6 of the Dungeon.
             The game lasted 00:05:11 (2715 turns).

Firecrotchwizard the Ruffian (Ghoul Monk)           Turns: 2715, Time: 00:05:11

HP:   -5/60 (61)    AC:  9    Str: 16    XL:     7   Next: 17%
MP:   6/6           EV: 10    Int:  6    God:
Gold: 105           SH:  0    Dex: 11    Spells: 6/6 levels left

rFire    . . .     SeeInvis .     - Unarmed
rCold    + . .     Gourm    .   (no shield)
rNeg     + + +     Faith    .   l - +0 scale mail
rPois    ∞         Spirit   .   t - +0 helmet
rElec    .         Reflect  .   m - +0 cloak
rCorr    .         Harm     .   (no gloves)
MR       .....                  x - +0 pair of boots (curse)
Stlth    +.........             (no amulet)
HPRegen  0.00/turn              (no ring)
MPRegen  0.10/turn              (no ring)

@: rotting
A: rotting body, claws 1, carnivore, cold resistance 1, negative energy
resistance 3, inhibited regeneration, torment resistance, unbreathing
a: no special abilities


You were on level 6 of the Dungeon.
You were not hungry.

You visited 1 branch of the dungeon, and saw 5 of its levels.

You collected 105 gold pieces.

Inventory:

Missiles
 o - a tomahawk (quivered)
Armour
 a - a +0 robe
 l - a +0 scale mail (worn)
   (You found it on level 1 of the Dungeon)
 m - a +0 cloak (worn)
   (You found it on level 1 of the Dungeon)
 t - a +0 helmet (worn)
   (You found it on level 3 of the Dungeon)
 x - a cursed +0 pair of boots (worn)
   (You found it on level 6 of the Dungeon)
Wands
 p - a wand of iceblast (6)
   (You found it on level 2 of the Dungeon)
Scrolls
 g - a scroll of remove curse
 i - 2 scrolls of enchant armour {unknown}
 q - 2 scrolls of magic mapping {unknown}
 r - a scroll of fog {unknown}
 s - 3 scrolls of identify {unknown}
 u - a scroll of blinking {unknown}
 y - a scroll of teleportation {unknown}
Potions
 c - 3 potions of curing {unknown}
 d - 2 potions of mutation {unknown}
 e - a potion of haste {unknown}
 f - 3 potions of degeneration {unknown}
 h - 4 potions of agility {unknown}
 j - a potion of heal wounds {unknown}
 k - a potion of brilliance {unknown}
 v - a potion of invisibility {unknown}
 w - 2 potions of resistance {unknown}
Comestibles
 b - 5 rations
 n - 11 chunks of flesh {@w0}


   Skills:
 + Level 5.1 Fighting
 - Level 2.6 Dodging
 + Level 4.8 Stealth
 * Level 6.6 Unarmed Combat


You had 6 spell levels left.
You didn't know any spells.
Your spell library was empty.

Dungeon Overview and Level Annotations

Branches:
Dungeon (7/15)
 Temple: D:4-7

Altars:
Wu Jian
The Shining One

Shops:
D:6 *


Innate Abilities, Weirdness & Mutations

Your body is rotting away.
You thrive on raw meat.
You are immune to poison.
You have sharp fingernails.
You are carnivorous and can eat meat at any time.
Your flesh is cold resistant. (rC+)
You are immune to negative energy. (rN+++)
You do not regenerate when monsters are visible.
You are immune to unholy pain and torment.
You can survive without breathing.


Message History

You regained 5 hp, and now have 57/61 hp.
MP restored: 6 The ooze barely misses you.
The ooze is too close now for your liking.
You see here a bullfrog corpse.
An ooze is nearby!
You scratch the ooze. The ooze hits you but does no damage.
You barely miss the ooze. The ooze hits you but does no damage.
You scratch the ooze but do no damage. You claw the ooze!
The ooze completely misses you.
You scratch the ooze.
You kill the ooze!
No target in view!
You butcher the bullfrog corpse.
n - 11 chunks of flesh {@w0} (gained 4)
You see here a bullfrog skeleton. x2
o - a tomahawk A gnoll sergeant comes into view.
It is wielding a +0 trident.
Found a shield.
Found a stone staircase leading down.
A gnoll sergeant is nearby!
The gnoll sergeant shouts!
You hear a shout! x2
A gnoll comes into view. It is wielding a +0 whip.
You see here a bullfrog skeleton.
What are your orders? t - Shout!
Orders for allies: a - Attack new target. r - Retreat! s - Stop attacking. g - Guard the area. f - Follow me.
Anything else - Cancel.
You shout for attention!
You hear a shout! x2; You hear a howl!
The gnoll sergeant blocks your attack.
A gnoll comes into view. It is wielding a +0 club.
The gnoll sergeant hits you with a +0 trident!
You take 11 damage, and have 49/61 hp.
You scratch the gnoll sergeant but do no damage.
A gnoll comes into view. It is wielding a +0 spear.
You closely miss the gnoll sergeant.
The gnoll sergeant hits you with a +0 trident.
You take 4 damage, and have 45/61 hp.
You scratch the gnoll sergeant.
The gnoll sergeant hits you with a +0 trident!
You take 9 damage, and have 36/61 hp.
You scratch the gnoll sergeant.
A gnoll comes into view. It is wielding a +0 spear.
The gnoll sergeant hits you but does no damage.
You scratch the gnoll sergeant.
You scratch the gnoll sergeant but do no damage.
The gnoll sergeant hits you with a +0 trident.
You take 4 damage, and have 32/61 hp.
You closely miss the gnoll sergeant.
The gnoll sergeant hits you but does no damage.
A gnoll opens the door.
You scratch the gnoll sergeant but do no damage.
You claw the gnoll sergeant!
A gnoll comes into view. It is wielding a +0 flail.
The gnoll sergeant closely misses you.
The gnoll sergeant hits you from afar with a +0 trident.
You take 1 damage, and have 31/61 hp.
Your scale mail prevents you from hitting the gnoll.
The gnoll barely misses you.
You claw the gnoll! You claw the gnoll.
You kill the gnoll!
The gnoll sergeant hits you but does no damage.
The gnoll hits you with a +0 flail. The gnoll hits you but does no damage.
You take 3 damage, and have 28/61 hp.
You feel your flesh rotting away. The gnoll misses you.
The gnoll sergeant closely misses you. The gnoll hits you but does no damage.
Things that are here:
a +0 whip; a bullfrog skeleton You barely miss the gnoll sergeant.
The gnoll closely misses you.
The gnoll sergeant hits you but does no damage.
The gnoll hits you with a +0 flail.
You take 4 damage, and have 24/60 hp.
Your scale mail prevents you from hitting the gnoll sergeant.
The gnoll barely misses you. x2; The gnoll sergeant barely misses you.
The gnoll sergeant blocks your attack. The gnoll closely misses you.
The gnoll hits you with a +0 flail. The gnoll misses you.
You take 3 damage, and have 21/60 hp.
You scratch the gnoll sergeant.
The gnoll sergeant hits you but does no damage.
The gnoll hits you but does no damage. The gnoll closely misses you.
The gnoll hits you with a +0 spear.
* * * LOW HITPOINT WARNING * * *
You take 3 damage, and have 18/60 hp.
You scratch the gnoll sergeant but do no damage.
The gnoll sergeant hits you with a +0 trident!
* * * LOW HITPOINT WARNING * * *
The gnoll hits you with a +0 spear.
* * * LOW HITPOINT WARNING * * *
You take 12 damage, and have 6/60 hp.
The gnoll sergeant blocks your attack. The gnoll barely misses you.
The gnoll hits you but does no damage.
The gnoll sergeant hits you with a +0 trident.
* * * LOW HITPOINT WARNING * * *
The gnoll closely misses you.
You take 4 damage, and have 2/60 hp.
You completely miss the gnoll sergeant. The gnoll closely misses you.
The gnoll hits you with a +0 flail!
You die...

###+###............#
...................#
...................# :#
...................# ..#
...................##...
.........................
#+#####.########g.........
#.# #g#.###.#.#
.#####.########@#........
...............ggg.......
#+#####.##.........#...#.
...............##.#.#.#
...............+......#
.........................
..................(......
......................#..
+#####.####+#.........#


You could see a gnoll sergeant and 4 gnolls.

Vanquished Creatures
  Sigmund (D:2)
  A bullfrog (D:6)
  An orc wizard (D:2)
  An orc priest (D:3)
  A worker ant (D:6)
  A gnoll (D:6)
  13 adders
  2 oozes
  2 worms
  A dart slug (D:1)
  3 leopard geckos
  9 orcs
  3 giant cockroaches
  3 goblins
  5 hobgoblins
  6 jackals
  2 ball pythons (D:3)
  8 bats
  4 frilled lizards
  2 kobolds
  6 rats
75 creatures vanquished.

Notes
Turn   | Place    | Note
-------+----------+-------------------------------------------
     0 | D:1      | Firecrotchwizard the Ghoul Monk began the quest for the
                  | Orb.
     0 | D:1      | Reached XP level 1. HP: 19/19 MP: 0/0
   537 | D:1      | Reached XP level 2. HP: 26/26 MP: 1/1
   981 | D:2      | Reached skill level 4 in Unarmed Combat
   981 | D:2      | Reached XP level 3. HP: 26/33 MP: 2/2
  1051 | D:2      | Reached skill level 3 in Stealth
  1125 | D:2      | Reached XP level 4. HP: 36/40 MP: 3/3
  1219 | D:2      | Noticed Sigmund
  1227 | D:2      | Killed Sigmund
  1227 | D:2      | Reached skill level 4 in Fighting
  1227 | D:2      | Reached skill level 4 in Stealth
  1227 | D:2      | Reached skill level 5 in Unarmed Combat
  1227 | D:2      | Reached XP level 5. HP: 25/47 MP: 4/4
  1227 | D:2      | Reached XP level 6. HP: 28/53 MP: 5/5
  1353 | D:2      | Found a glowing golden altar of the Shining One.
  1906 | D:3      | Reached skill level 6 in Unarmed Combat
  1931 | D:3      | Found an ornate altar of the Wu Jian Council.
  2534 | D:3      | You fall through a shaft for 3 floors!
  2580 | D:6      | You fall through a shaft!
  2609 | D:6      | Reached skill level 5 in Fighting
  2613 | D:6      | Found Ala Refi's Assorted Antiques.
  2676 | D:6      | Reached XP level 7. HP: 57/61 MP: 6/6
  2713 | D:6      | HP: 8/60 [gnoll sergeant/+0 trident (10)]
  2714 | D:6      | HP: 2/60 [gnoll sergeant/+0 trident (4)]
  2715 | D:6      | Slain by a gnoll

Vault maps used:
D:1:      zaba_arrival_water
D:2:      nicolae_tso_carved_into_rock, uniq_sigmund
D:3:      overflow_temple_1_default, first_ration
D:6:      temple_green, serial_shops, shop, roderic_batcave
D:7:      lemuel_crystal_altar, gammafunk_temple_overflow_claw,
          minmay_crystal_water, minmay_between

Skill      XL: |  1  2  3  4  5  6 |
---------------+-------------------+-----
Unarmed Combat | 4 5 6 |  6.6
Stealth        | 3 4 |  4.8
Fighting       | 4 5 |  5.1
Dodging        | |  2.6

Action                   |  1- 3 |  4- 6 |  7- 9 || total
-------------------------+-------+-------+-------++-------
Melee: Unarmed           |    83 |   116 |    23 ||   222
       Punch             |       |     1 |     2 ||     3
Throw: Tomahawk          |    19 |    48 |       ||    67
Evoke: Wand              |       |     3 |       ||     3
  Use: Scroll            |       |     1 |       ||     1
 Stab: Sleeping          |     2 |       |       ||     2
  Eat: Chunk             |     4 |    13 |       ||    17
Armor: Robe              |    16 |       |       ||    16
       Scale mail        |    28 |    53 |    10 ||    91
Dodge: Dodged            |    34 |    50 |    16 ||   100

Table legend:
 A = Non-vault XP
 B = Vault XP
 C = Vault XP percentage of total XP
 D = Non-vault monster count
 E = Vault monster count
 F = Vault count percentage of total count
                 A         B        C        D         E       F
            +---------+---------+-------+---------+---------+-------
      Total |     498 |     223 |  30.9 |      74 |       1 |   1.3
            +---------+---------+-------+---------+---------+-------
        D:1 |      28 |       0 |   0.0 |      16 |       0 |   0.0
        D:2 |     163 |     223 |  57.8 |      23 |       1 |   4.2
        D:3 |     147 |       0 |   0.0 |      26 |       0 |   0.0
        D:6 |     160 |       0 |   0.0 |       9 |       0 |   0.0
            +---------+---------+-------+---------+---------+-------

Vault maps used:
D:1:      zaba_arrival_water
D:2:      nicolae_tso_carved_into_rock, uniq_sigmund
D:3:      overflow_temple_1_default, first_ration
D:6:      temple_green, serial_shops, shop, roderic_batcave
D:7:      lemuel_crystal_altar, gammafunk_temple_overflow_claw,
          minmay_crystal_water, minmay_between

Table legend:
 A = Turns spent in this place as a percentage of turns spent in the entire game.
 B = Non-inter-level travel turns spent in this place as a percentage of non-inter-level travel turns spent in the entire game.
 C = Inter-level travel turns spent in this place as a percentage of turns spent in this place.
 D = Turns resting spent in this place as a percentage of non-inter-level travel turns spent in this place.
 E = Turns spent auto-exploring this place as a percentage of non-inter-level travel turns spent in this place.
 F = Non-inter-level travel turns spent in this place divided by the number of levels of this place that you've seen.
                   A       B       C       D       E      F
               +-------+-------+-------+-------+-------+----------------------
         Total | 100.0 | 100.0 |   4.4 |   8.6 |  69.6 | 519.2
       Dungeon | 100.0 | 100.0 |   4.4 |   8.6 |  69.6 | 519.2
               +-------+-------+-------+-------+-------+----------------------

Table legend:
 A = Kills in this place as a percentage of kills in entire the game.
 B = Kills by you in this place as a percentage of kills by you in the entire game.
 C = Kills by friends in this place as a percentage of kills by friends in the entire game.
 D = Other kills in this place as a percentage of other kills in the entire game.
 E = Experience gained in this place as a percentage of experience gained in the entire game.
 F = Experience gained in this place divided by the number of levels of this place that you have seen.
                   A       B       C       D       E      F
               +-------+-------+-------+-------+-------+----------------------
         Total | 100.0 | 100.0 |   N/A |   N/A | 100.0 | 144.2
       Dungeon | 100.0 | 100.0 |   N/A |   N/A | 100.0 | 144.2
               +-------+-------+-------+-------+-------+----------------------
